Map: [ESL] Post-Youth

Players

Scarlett - Winner!

  • Race: Zerg Zerg
  • Spawn Location: 1:00

Nina

  • Race: Protoss Protoss
  • Spawn Location: 7:00

VOD

Have the link to the VOD?

Description

Time

  • Played on: May 2, 2024, 2:13 p.m.
  • Length: 8:49
Show
View Real Time Build Order
Export as new Build Order

Scarlett Zerg - Winner!

Build Orders: Hatch First 

Get SALT Encoding   

  12  0:00  Drone  
  13  0:12  Overlord  
  13  0:17  Drone  
  14  0:30  Drone x2  
  16  0:49  Hatchery  
  15  0:52  Drone  
  15  0:56  Drone  
  17  0:59  Drone  
  18  1:11  Extractor  
  18  1:15  Spawning Pool  
  18  1:18  Drone  
  17  1:21  Drone  
  18  1:28  Drone  
  20  1:40  Drone  
  20  1:55  Drone  
  21  2:01  Queen  
  21  2:02  Queen  
  21  2:03  Drone  
  21  2:06  Overlord  
  26  2:13  Metabolic Boost  
  26  2:16  Drone  
  26  2:18  Zergling x2  
  28  2:28  Drone x2  
  30  2:34  Zergling x2  
  31  2:37  Queen  
  31  2:38  Drone  
  34  2:45  Hatchery  
  34  2:49  Overlord  
  33  2:51  Drone  
  33  2:58  Zergling x4  
  36  3:06  Queen  
  38  3:17  Drone x6  
  44  3:21  Overlord  
  44  3:24  Overlord  
  44  3:35  Overlord  
  44  3:40  Drone x3  
  47  3:42  Queen  
  47  3:43  Extractor  
  47  3:47  Drone x4  
  49  3:57  Drone x2  
  49  4:00  Roach Warren  
  49  4:02  Drone x2  
  52  4:08  Drone x2  
  54  4:14  Spore Crawler  
  54  4:16  Drone x4  
  57  4:19  Drone x2  
  57  4:21  Drone  
  57  4:22  Overlord  
  57  4:23  Queen, Extractor  
  61  4:25  Overlord  
  61  4:30  Overlord x2  
  61  4:35  Overlord  
  61  4:42  Spore Crawler  
  61  4:43  Roach x2  
  64  4:47  Roach  
  64  4:49  Roach x5  
  64  4:52  Roach x2  
  76  5:00  Zergling x10  
  76  5:06  Zergling x2  
  82  5:08  Queen  
  82  5:10  Ravager  
  82  5:12  Ravager  
  86  5:15  Zergling x6  
  86  5:19  Zergling x12  
  95  5:22  Zergling x2  
  95  5:23  Ravager  
  95  5:24  Overlord  
  97  5:29  Zergling x2  
  97  5:30  Overlord  
  98  5:35  Drone x4  
  98  5:36  Lair  
  98  5:38  Spore Crawler  
  100  5:46  Drone  
  100  5:47  Drone x4  
  105  5:52  Ravager  
  105  5:56  Drone  
  105  5:57  Drone x4  
  109  5:59  Extractor  
  109  6:00  Extractor  
  109  6:01  Drone x5  
  112  6:06  Overlord  
  111  6:12  Evolution Chamber  
  108  6:22  Drone x6  
  108  6:23  Drone  
  108  6:24  Hatchery  
  108  6:31  Drone x3  
  103  6:36  Roach  
  103  6:37  Roach x3  
  111  6:40  Zerg Missile Weapons Level 1, Glial Reconstitution  
  111  6:41  Roach  
  111  6:42  Roach x2  
  117  6:48  Overlord x3  
  117  6:50  Roach x2  
  121  6:56  Ravager, Roach  
  121  6:57  Ravager x2  
  121  6:58  Overlord  
  126  7:07  Zergling x10  
  130  7:15  Zergling x16  
  132  7:18  Roach  
  120  7:23  Roach  
  120  7:28  Roach x2  
  120  7:35  Roach x3  
  120  7:36  Ravager x4  
  129  7:42  Zergling x18  
  129  7:43  Hydralisk Den  
  137  7:51  Roach x3  
  138  7:53  Zergling x2  
  137  7:59  Zergling x4  
  139  8:06  Zergling x4, Ravager x4  
  139  8:08  Zergling x2  
  139  8:11  Zergling x8  
  139  8:12  Hatchery  
  139  8:20  Roach x5  
  139  8:21  Ravager  
  139  8:25  Roach x3  
  151  8:30  Zergling x2, Roach  
  150  8:45  Extractor  
  144  8:46  Extractor  
Show
View Real Time Build Order
Export as new Build Order

Nina Protoss 

Build Orders: 1 Gate Expand, Oracle Opening 

Get SALT Encoding   

  12  0:00  Probe  
  13  0:12  Probe  
  14  0:17  Pylon  
  14  0:24  Probe (Chrono Boost)  
  15  0:36  Probe (Chrono Boost)  
  15  0:38  Gateway  
  16  0:45  Probe (Chrono Boost)  
  16  0:49  Assimilator  
  17  0:51  Probe  
  18  1:03  Probe  
  19  1:15  Probe  
  20  1:24  Nexus  
  20  1:33  Cybernetics Core  
  20  1:36  Probe  
  21  1:43  Pylon  
  21  1:48  Probe  
  21  1:52  Assimilator  
  22  2:00  Probe (Chrono Boost)  
  23  2:08  Adept (Chrono Boost)  
  23  2:12  Probe (Chrono Boost)  
  26  2:20  Stargate  
  26  2:21  Probe  
  27  2:29  Warp Gate  
  27  2:31  Adept (Chrono Boost)  
  27  2:34  Probe  
  30  2:37  Probe  
  31  2:46  Probe  
  31  2:49  Probe  
  33  2:58  Probe  
  34  3:01  Probe  
  34  3:03  Oracle (Chrono Boost)  
  38  3:10  Probe  
  39  3:13  Probe  
  40  3:22  Probe  
  40  3:25  Pylon  
  40  3:26  Probe  
  42  3:34  Probe  
  42  3:35  Nexus  
  42  3:37  Pylon  
  42  3:38  Probe  
  44  3:45  Void Ray (Chrono Boost)  
  44  3:48  Probe, Pylon  
  45  3:55  Probe  
  45  3:58  Gateway  
  45  4:00  Probe  
  45  4:01  Gateway  
  46  4:06  Pylon  
  46  4:08  Probe  
  47  4:12  Twilight Council  
  47  4:15  Probe  
  48  4:17  Zealot  
  48  4:20  Probe  
  48  4:21  Assimilator  
  48  4:22  Assimilator  
  51  4:28  Pylon  
  51  4:29  Probe  
  52  4:32  Forge  
  52  4:33  Probe  
  53  4:41  Gateway  
  53  4:42  Gateway  
  53  4:45  Probe  
  54  4:46  Blink (Chrono Boost)  
  54  4:47  Pylon  
  54  4:48  Sentry  
  54  4:50  Probe  
  61  5:01  Probe  
  61  5:02  Void Ray (Chrono Boost)  
  62  5:11  Sentry, Gateway  
  62  5:12  Gateway, Probe  
  65  5:16  Pylon  
  65  5:21  Stalker  
  65  5:23  Stalker  
  65  5:27  Probe x2  
  65  5:28  Probe  
  72  5:40  Stalker x3  
  76  5:45  Shield Battery  
  76  5:49  Stalker  
  75  5:57  Sentry  
  75  6:02  Pylon  
  75  6:03  Shield Battery  
  77  6:07  Pylon  
  77  6:12  Pylon  
  77  6:14  Pylon  
  77  6:22  Stalker  
  77  6:26  Sentry  
  77  6:28  Stalker x3  
  77  6:29  Probe  
  77  6:30  Zealot  
  88  6:37  Probe  
  88  6:39  Stalker  
  91  6:42  Protoss Ground Weapons Level 1  
  91  6:45  Probe  
  92  6:49  Stalker  
  92  6:50  Stalker  
  96  6:58  Stalker x2  
  100  7:03  Stalker  
  94  7:21  Stalker x3  
  94  7:22  Stalker x2  
  83  7:36  Stalker x2  
  81  7:52  Stalker x4  
  81  7:53  Stalker  
  83  8:06  Nexus  
  81  8:24  Stalker x2  
  69  8:28  Zealot x3  
Tags
 
Add a new tag
Caveats
  • Supply blocks, unpowered buildings, or Contaminate may cause inaccurate times.
  • Supply counts are checked every 10 seconds.